 Dungeon Crawl Stone Soup version 0.30-a0-374-g95c0257040 (webtiles) character file.

Game seed: 9819415577602597834

1 NinjaNoafa the Caller (level 1, 0/7 HPs)
             Began as a Felid Summoner on Nov 25, 2022.
             Succumbed to a goblin's poison
             ... on level 1 of the Dungeon.
             The game lasted 00:00:25 (142 turns).

NinjaNoafa the Caller (Felid Summoner)               Turns: 142, Time: 00:00:26

Health: 0/7        AC:  1    Str:  4    XL:     1   Next: 16%
Magic:  1/4        EV: 17    Int: 16    God:
Gold:   0          SH:  0    Dex: 16    Spells: 3/4 levels left
                                        Lives:  0   Deaths: 0

rFire   . . .      SeeInvis +    (weapon unavailable)
rCold   . . .      Faith    .    (shield unavailable)
rNeg    . . .      Spirit   .    (body armour unavailable)
rPois   .          Reflect  .    (helmet unavailable)
rElec   .          Harm     .    (cloak unavailable)
rCorr   .          Rampage  .    (gloves unavailable)
Will    .....                    (boots unavailable)
Stlth   ++........               (no amulet)
HPRegen 0.21/turn                (no ring)
MPRegen 0.09/turn                (no ring)

@: lethally poisoned (0 -> -5), quick
A: very small, claws 1, fangs 3, see invisible, speed 1, shaggy fur 1, stealthy
paws, no weapons or thrown items, no armour, multi-lived
a: no special abilities


You were on level 1 of the Dungeon.
You visited 1 branch of the dungeon, and saw 1 of its levels.

Inventory:

Potions
 a - a potion of magic


   Skills:
 + Level 0.0 Fighting
 - Level 2.6 Dodging
 - Level 2.6 Stealth
 - Level 2.0 Spellcasting
 - Level 4.0 Summonings


You had 3 spell levels left.
You knew the following spells:

 Your Spells              Type           Power      Damage    Failure   Level
a - Summon Small Mammal   Summ           56%        N/A       4%          1

Your spell library contained the following spells:

 Spells                   Type           Power      Damage    Failure   Level
 Call Imp                 Summ           14%        N/A       6%          2
 Call Canine Familiar     Summ           14%        N/A       12%         3
 Summon Guardian Golem    Hex/Summ       8%         N/A       26%         3
 Summon Lightning Spire   Summ/Air       8%         N/A       65%         4


Dungeon Overview and Level Annotations

Branches:
Dungeon (1/15)

Altars:


Innate Abilities, Weirdness & Mutations

You have sharp claws.
You have razor-sharp teeth.
You have supernaturally acute eyesight. (SInv)
You cover ground quickly. (Speed+)
You are covered in fur. (AC +1)
Your paws help you pounce on unaware monsters.
You are incapable of wielding weapons or throwing items.
You cannot wear armour.
You gain extra lives every three experience levels.


Message History

The ball python barely misses your bat.
Your bat misses the ball python.
Your bat barely misses the ball python.
The ball python bites your bat.
The ball python closely misses your bat.
Your bat hits the ball python. Your quokka misses the ball python.
A goblin comes into view. It is wielding a +3 dagger of venom.
Your bat hits the ball python.
The ball python dies!
Your bat hits the goblin.
The goblin hits your bat with a +3 dagger of venom.
Your bat is poisoned.
Your bat dies!
Your bat's corpse disappears in a puff of smoke!
A goblin is nearby!
A goblin is nearby!
The goblin hits your quokka with a +3 dagger of venom.
Your quokka dies!
Your quokka's corpse disappears in a puff of smoke!
The goblin hits your quokka with a +3 dagger of venom.
Your quokka is poisoned.
Your bat barely misses the goblin.
Your bat completely misses the goblin.
Your quokka misses the goblin.
The goblin hits your quokka with a +3 dagger of venom.
Your quokka looks as sick as possible!
Your quokka dies!
Your quokka's corpse disappears in a puff of smoke!
Your bat completely misses the goblin.
Your bat hits the goblin.
Your bat barely misses the goblin.
The goblin hits you with a +3 dagger of venom.
You are lethally poisoned!
You swap places.
You feel sick. The goblin barely misses your quokka.
Your quokka barely misses the goblin.
* * * LOW HITPOINT WARNING * * *
You feel sick.
The goblin hits your quokka with a +3 dagger of venom.
Your quokka is poisoned.
Your quokka closely misses the goblin.
Okay, then.
You die...

.....~.<.~........#
.....~...~........#
......~~~.........#
##...........##...##
#............##....#
#.....#.......#....##
##.#..#....[.##.....#
#############......######
# #.@.###............
..###.#r##.#.############
#......g.b.....#
............#..#
#....##..##.#..# #....
#..##.#..# #...
#..##.#..# #.. #..##.#..#
#.. #........#


You could see a goblin (ally target) and a friendly quokka (summoned, very
poisoned).

Vanquished Creatures (collateral kills)
  A ball python (D:1)
  A bat (D:1)
2 creatures vanquished.

Notes
Turn   | Place    | Note
-------+----------+-------------------------------------------
     0 | D:1      | NinjaNoafa the Felid Summoner began the quest for the Orb.
     0 | D:1      | Reached XP level 1. HP: 7/7 MP: 4/4
   142 | D:1      | Succumbed to a goblin's poison

Illustrated notes

Levels and vault maps discovered:
D:1:      enne_arrival_octagon_isle, layout_loops_cross,
          nicolae_figureground_pulse

Action                   || total
-------------------------++-------
 Cast: Summon Small Mamm ||     7
Dodge: Dodged            ||     2

Table legend: (Time is in decaauts)
 A = Elapsed time spent in this place.
 B = Non-inter-level travel time spent in this place.
 C = Inter-level travel time spent in this place.
 D = Time resting spent in this place.
 E = Time spent auto-exploring this place.
 F = Levels seen in this place.
 G = Mean time per level.
                   A        B        C        D        E       F      G
               +--------+--------+--------+--------+--------+-----+--------+
         Total |    120 |    120 |      0 |      0 |     85 |   1 |  120.0 |
       Dungeon |    120 |    120 |      0 |      0 |     85 |   1 |  120.0 |
               +--------+--------+--------+--------+--------+-----+--------+

Top non-repeatable levels by time:
     D:1: 120 daAuts
